 Dungeon Crawl Stone Soup version 0.20-a0-1062-g7b787ac (webtiles) character file.

1670 kuniqs the Cleaver (level 9, -1/78 HPs)
             Began as a Hill Orc Gladiator on Apr 27, 2017.
             Was an Initiate of Beogh.
             Slain by a scorpion (7 damage)
             ... on level 6 of the Dungeon.
             The game lasted 00:09:12 (7276 turns).

kuniqs the Cleaver (Hill Orc Gladiator)             Turns: 7276, Time: 00:09:13

Health: -1/78      AC: 14    Str: 17    XL:     9   Next: 1%
Magic:  11/11      EV:  9    Int:  8    God:    Beogh [......]
Gold:   350        SH:  0    Dex: 15    Spells: 8/8 levels left

rFire    . . .     SeeInvis .   a - +0 war axe
rCold    . . .     Gourm    .   (no shield)
rNeg     . . .     Faith    .   C - +1 chain mail {rPois}
rPois    +         Spirit   .   c - +0 helmet
rElec    .         Reflect  .   k - +0 cloak
rCorr    .         Harm     .   (no gloves)
MR       .....                  q - +0 pair of boots
Stlth    ..........             (no amulet)
Regen    0.3/turn               (no ring)
MPRegen  0.2/turn               (no ring)

@: no status effects
A: no striking features
a: Renounce Religion


You were on level 6 of the Dungeon.
You worshipped Beogh.
Beogh was noncommittal.
You were hungry.

You visited 2 branches of the dungeon, and saw 8 of its levels.

You collected 350 gold pieces.

Inventory:

Hand Weapons
 a - a +0 war axe (weapon)
Missiles
 h - 3 throwing nets (quivered)
Armour
 c - a +0 helmet (worn)
 k - a +0 cloak (worn)
 q - a +0 pair of boots (worn)
 C - a +1 chain mail of poison resistance (worn)
Wands
 r - a wand of lightning (7/15)
 y - a wand of flame (9/48)
 z - a wand of flame (37/48)
 D - a wand of disintegration (8/24)
Scrolls
 i - a scroll of amnesia
 m - 2 scrolls of teleportation
 n - a scroll of enchant weapon
 o - a scroll of blinking
 s - a scroll of immolation {unknown}
 v - a scroll of fear {unknown}
 w - a scroll of fog {unknown}
 x - a scroll of magic mapping {unknown}
 A - a scroll of remove curse {@r2}
 F - a scroll of noise {unknown}
 G - a scroll of recharging {unknown}
Potions
 b - a potion of haste {unknown}
 g - 5 potions of mutation {unknown}
 j - 3 potions of heal wounds {unknown}
 l - 3 potions of curing {unknown}
 t - a potion of degeneration {unknown}
 B - a potion of resistance
 E - 2 potions of flight {unknown}
 H - a potion of brilliance {unknown}
Comestibles
 d - 8 bread rations
 e - a meat ration
 f - 8 fruits
 p - a royal jelly


   Skills:
 + Level 6.6 Fighting
 + Level 8.3 Axes
 - Level 1.7 Throwing
 + Level 5.9 Armour
 + Level 5.1 Dodging
 + Level 2.6 Invocations


You had 8 spell levels left.
You didn't know any spells.

Dungeon Overview and Level Annotations

Branches:
Dungeon (7/15)             Temple (1/1) D:4

Altars:
Ashenzari
Cheibriados
Dithmenos
Elyvilon
Fedhas
Gozag
Hepliaklqana
Kikubaaqudgha
Makhleb
Nemelex Xobeh
Qazlal
Ru
Sif Muna
Trog
Vehumet
Xom
Yredelemnul
Zin
The Shining One

Annotations:
D:7 Joseph


Message History

The scorpion stings you.
* * * LOW HITPOINT WARNING * * *
The scorpion barely misses you. The scorpion stings you.
* * * LOW HITPOINT WARNING * * *
Joseph drinks a potion.
Joseph suddenly seems more resistant.
Items here: )) [[ ††
There is a stone staircase leading up here.
The scorpion closely misses you.
You climb upwards.
There is a stone staircase leading down here.
Aim: a scorpion (lightly wounded)
The puff of flame hits the scorpion.
Evoking this partially-identified wand wasted a few charges.
The scorpion stings you but does no damage.
Aim: a scorpion (moderately wounded)
The puff of flame hits the scorpion.
Evoking this partially-identified wand wasted a few charges.
The scorpion stings you!
You die...

#.# #.# ##.#.# ####.#
#.# #.#.#.
##########.##.###.#
###### ##.#.#
..................#
#....# #.###.
##########.##.##..#
#.#### ##.#.#
###.#.#..# #.# #.#.#.
#####.###...# #.#
##.#.# #######....##
##..# #.# #.###.
....<...###.###.@####.#
##.#.# #########
##.#.[s.....# #.#.#.
.>.....# #..##.######
##.#.#
.#####.#####..##.#
#.###. .#
#........##.## ##.#.#
.# ##.#######...#
#.#.#. .# #.#
#.#.######## ##.#.# .#
#.# #..........# #.###.
## #.# ##.#######.#
##.#.#


You could see a scorpion.

Vanquished Creatures
  Prince Ribbit (D:6)
  Menkaure (D:4)
  An orc warrior (D:6)
  2 phantoms
  An ogre (D:7)
  2 centaurs (D:5)
  2 bullfrogs
  2 scorpions
  A crimson imp (D:6)
  2 orc priests (D:7)
  A gnoll shaman (D:3)
  3 orc wizards
  Ijyb (D:5)
  3 iguanas
  4 worker ants
  A hound zombie (D:5)
  Robin (D:2)
  4 gnolls
  5 adders
  2 oozes (D:2)
  2 worms
  2 dart slugs
  A leopard gecko (D:1)
  11 orcs
  10 bats
  3 giant cockroaches
  24 goblins
  2 hobgoblins (D:1)
  9 jackals
  8 kobolds
  5 quokkas
  A ball python (D:5)
  4 frilled lizards
  A quokka zombie (D:5)
  9 rats
  A fungus (D:3)
133 creatures vanquished.

Vanquished Creatures (others)
  An orc priest (D:7)
  An orc wizard (D:7)
  3 orcs (D:7)
5 creatures vanquished.

Grand Total: 138 creatures vanquished

Notes
Turn   | Place    | Note
-------+----------+-------------------------------------------
     0 | D:1      | kuniqs the Hill Orc Gladiator began the quest for the Orb.
     0 | D:1      | Reached XP level 1. HP: 18/18 MP: 1/1
     6 | D:1      | Noticed a black mamba
     6 | D:1      | Noticed a wyvern
     6 | D:1      | Noticed a komodo dragon
   193 | D:1      | Reached XP level 2. HP: 23/25 MP: 2/2
   653 | D:1      | Reached XP level 3. HP: 20/30 MP: 3/3
   812 | D:1      | Reached skill level 1 in Armour
  1289 | D:2      | Found a blossoming altar of Fedhas.
  1343 | D:2      | Found a faded altar of an unknown god.
  1437 | D:2      | Found an opulent altar of Gozag.
  1438 | D:2      | Found a glowing silver altar of Zin.
  1447 | D:2      | Reached XP level 4. HP: 36/38 MP: 4/4
  1480 | D:2      | Noticed Robin
  1495 | D:2      | Reached skill level 5 in Axes
  1497 | D:2      | Killed Robin
  2481 | D:3      | Found a blossoming altar of Fedhas.
  2481 | D:3      | Found a stormy altar of Qazlal.
  2570 | D:3      | Reached XP level 5. HP: 43/45 MP: 5/5
  3228 | D:3      | HP: 1/46 [gnoll (7)]
  3551 | D:4      | Reached XP level 6. HP: 32/52 MP: 6/6
  3711 | D:4      | Noticed Menkaure
  3714 | D:4      | Killed Menkaure
  3714 | D:4      | Reached skill level 6 in Axes
  4111 | D:4      | Noticed a phantom
  4144 | D:4      | Killed a phantom
  4144 | D:4      | Reached XP level 7. HP: 36/60 MP: 7/7
  4761 | D:4      | Found an ancient bone altar of Kikubaaqudgha.
  4761 | D:4      | Found a deep blue altar of Sif Muna.
  4763 | D:4      | Found a radiant altar of Vehumet.
  4771 | D:4      | Identified Kikubaaqudgha's Almanac of Unholy Rituals
  4830 | D:4      | Found a staircase to the Ecumenical Temple.
  4836 | Temple   | Entered the Ecumenical Temple
  4943 | D:5      | Entered Level 5 of the Dungeon
  4982 | D:5      | Found a basalt altar of Yredelemnul.
  5067 | D:5      | Found a bloodstained altar of Trog.
  5209 | D:5      | Reached skill level 5 in Fighting
  5264 | D:5      | Noticed Ijyb
  5271 | D:5      | Killed Ijyb
  5559 | D:5      | Found a white marble altar of Elyvilon.
  5634 | D:5      | Reached skill level 7 in Axes
  5726 | D:6      | Noticed Prince Ribbit
  5742 | D:6      | Killed Prince Ribbit
  5742 | D:6      | Reached XP level 8. HP: 25/70 MP: 8/8
  6355 | D:6      | Reached skill level 5 in Armour
  6680 | D:7      | Became a worshipper of Beogh the Brigand
  6719 | D:7      | Reached skill level 1 in Invocations
  6725 | D:7      | Reached skill level 5 in Dodging
  6878 | D:6      | Reached skill level 8 in Axes
  7209 | D:7      | Reached XP level 9. HP: 22/78 MP: 9/11
  7244 | D:7      | Noticed Joseph
  7266 | D:7      | HP: 3/78 [scorpion (6)]
  7276 | D:6      | Slain by a scorpion

Vault maps used:
D:1:      onia_arrival_zoo_common
D:2:      grunt_temple_overflow_gold_and_silver,
          chequers_ecumenical_altar_simple, fedhas_altar_4, uniq_robin
D:3:      grunt_temple_overflow_forces_of_nature
D:4:      grunt_temple_overflow_magic_moments, minmay_temple_entry_fiery,
          first_bread, uniq_menkaure
D:5:      kennysheep_ying_yang, kennysheep_mini_moat, uniq_ijyb
D:6:      hangedman_decor_clover_reticule, roderic_roman_lattice,
          uniq_prince_ribbit1
D:7:      lemuel_centaur_altar, uniq_joseph
Temple:   jpeg_temple_island

Skill      XL: |  1  2  3  4  5  6  7  8 |
---------------+-------------------------+-----
Armour         | 1 2 3 4 5 |  5.9
Fighting       | 3 4 5 6 |  6.6
Axes           | 5 6 7 8 |  8.3
Dodging        | 3 4 5 |  5.1
Invocations    | 2 |  2.6
Throwing       | |  1.7

Action                   |  1- 3 |  4- 6 |  7- 9 || total
-------------------------+-------+-------+-------++-------
Melee: War axe           |   139 |   194 |   213 ||   546
Invok: Convert to Beogh  |       |       |     1 ||     1
Evoke: Wand              |       |     5 |     4 ||     9
  Use: Scroll            |       |       |     5 ||     5
  Eat: Chunk             |     2 |     8 |    10 ||    20
Armor: Leather armour    |    64 |    20 |       ||    84
       Ring mail         |       |    63 |    15 ||    78
       Chain mail        |       |       |    95 ||    95
Dodge: Dodged            |   113 |   186 |   141 ||   440
